 Dungeon Crawl Stone Soup version 0.28.0-45-g0d030f2227 (webtiles) character file.

Game seed: 28080230239969619

12302 jimonade the Covert (level 11, -11/86 HPs)
             Began as a Gnoll Brigand on Apr 8, 2022.
             Was a High Priest of Okawaru.
             Mangled by a death knight
             ... wielding a +0 battleaxe
              (25 damage)
             ... on level 10 of the Dungeon.
             The game lasted 00:47:30 (10245 turns).

jimonade the Covert (Gnoll Brigand)                Turns: 10245, Time: 00:47:30

Health: -11/86     AC: 14    Str: 12    XL:     11   Next: 91%
Magic:  16/21      EV: 18    Int: 17    God:    Okawaru [*****.]
Gold:   1162       SH:  0    Dex: 16    Spells: 23/23 levels left

rFire   . . .      SeeInvis .   S - +6 dagger
rCold   + . .      Faith    .   (no shield)
rNeg    . . .      Spirit   .   Z - +0 troll leather armour
rPois   .          Reflect  .   (no helmet)
rElec   .          Harm     .   c - +2 cloak
rCorr   .          Rampage  .   m - +2 pair of gloves
Will    .....                   T - +0 pair of boots
Stlth   ++++++....              o - amulet of regeneration
HPRegen 1.84/turn               j - +6 ring of intelligence
MPRegen 0.17/turn               t - ring of protection from cold

@: heroic, finesse-ful
A: fangs 1, strong nose, distributed training
a: Renounce Religion, Heroism, Finesse, Duel


You were on level 10 of the Dungeon.
You worshipped Okawaru.
Okawaru was extremely pleased with you.
You visited 2 branches of the dungeon, and saw 11 of its levels.

You collected 1182 gold pieces.
You spent 20 gold pieces at shops.

Inventory:

Hand Weapons
 n - the +6 broad axe of the Muttering Vulture {vorpal, *Noise rPois rF+++}
   (You found it on level 8 of the Dungeon)

   It inflicts extra damage upon your enemies.
   rF:        It renders you almost immune to fire.
   rPois:     It protects you from poison.
   *Noise:    It may make noises in combat.
 C - a +2 flail of holy wrath
 S - a +6 dagger (weapon)
 U - a +0 arbalest
Missiles
 d - 15 poisoned darts (quivered)
 e - 6 curare-tipped darts
 i - 247 stones
 l - 74 arrows
 u - a throwing net
 y - 101 sling bullets
 B - 5 boomerangs of dispersal
 I - 2 silver boomerangs
 P - 61 bolts
 Y - 2 javelins
Armour
 c - a +2 cloak (worn)
 m - a +2 pair of gloves (worn)
 v - a +0 leather armour of willpower
 D - a +4 chain mail of cold resistance
 K - a +2 ring mail of poison resistance
 N - a +2 leather armour of cold resistance
 Q - +0 steam dragon scales
 T - a +0 pair of boots (worn)
 Z - a +0 troll leather armour (worn)
Jewellery
 j - a +6 ring of intelligence (left hand)
 o - an amulet of regeneration (around neck)
 t - a ring of protection from cold (right hand)
Wands
 a - a wand of acid (1)
 k - a wand of mindburst (4)
 w - a wand of digging (5)
 V - a wand of flame (2)
Scrolls
 g - a scroll of magic mapping {unknown}
 h - 2 scrolls of teleportation
 q - a scroll of fog {unknown}
 x - a scroll of vulnerability {unknown}
 A - a scroll of blinking {unknown}
 E - 2 scrolls of fear
 G - a scroll of enchant armour
 M - 2 scrolls of amnesia
 O - 3 scrolls of identify
 R - a scroll of brand weapon {unknown}
 X - a scroll of summoning {unknown}
Potions
 f - a potion of cancellation
 p - 2 potions of might {unknown}
 r - 3 potions of curing {unknown}
 s - a potion of attraction {unknown}
 z - a potion of mutation {unknown}
 F - a potion of flight {unknown}
 H - a potion of degeneration {unknown}
 J - a potion of berserk rage {unknown}
 L - 5 potions of heal wounds {unknown}
 W - a potion of brilliance {unknown}


   Skills:
 + Level 8.2(13.2) Fighting
 + Level 8.2(13.2) Short Blades
 + Level 6.7(11.7) Long Blades
 + Level 6.7(11.7) Axes
 + Level 6.7(11.7) Maces & Flails
 + Level 6.7(11.7) Polearms
 + Level 6.7(11.7) Staves
 + Level 6.7(11.7) Slings
 + Level 6.7(11.7) Bows
 + Level 6.7(11.7) Crossbows
 + Level 8.2(13.2) Throwing
 + Level 6.7(11.7) Armour
 + Level 7.3(12.3) Dodging
 + Level 10.3(15.3) Stealth
 + Level 6.7(11.7) Shields
 + Level 6.7(11.7) Unarmed Combat
 + Level 6.7 Spellcasting
 + Level 5.6 Conjurations
 + Level 5.6 Hexes
 + Level 5.6 Summonings
 + Level 5.6 Necromancy
 + Level 5.6 Translocations
 + Level 5.6 Transmutations
 + Level 5.6 Fire Magic
 + Level 5.6 Ice Magic
 + Level 5.6 Air Magic
 + Level 5.6 Earth Magic
 + Level 5.6 Poison Magic
 + Level 7.4 Invocations
 + Level 6.7 Evocations


You had 23 spell levels left.
You didn't know any spells.
Your spell library contained the following spells:

 Spells                   Type           Power      Damage    Failure   Level
 Dazzling Flash           Conj/Hex       48%        N/A       4%          3
 Ignite Poison            Fire/Tmut/Pois 24%        N/A       4%          3
 Mephitic Cloud           Conj/Pois/Air  24%        N/A       4%          3
 Agony                    Necr           24%        N/A       36%         5
 Freezing Cloud           Conj/Ice/Air   12%        6-21      36%         5
 Silence                  Hex/Air        12%        N/A       36%         5


Dungeon Overview and Level Annotations

Branches:
Dungeon (10/15)            Temple (1/1) D:7
   Lair: D:8-11         Orc: D:9-12

Altars:
Ashenzari
Cheibriados
Dithmenos
Elyvilon
Fedhas
Gozag
Hepliaklqana
Kikubaaqudgha
Makhleb
Nemelex Xobeh
Okawaru
Qazlal
Ru
Sif Muna
Trog
Uskayaw
Vehumet
Wu Jian
Xom
Yredelemnul
Zin
The Shining One

Shops:
D:2 ?   D:9 (

Annotations:
D:3 1 runed translucent door, exclusion: door
D:5 1 runed translucent door, 0gre's ghost, novice GnIE
D:7 2 transporters, zeratav's ghost, novice MiBe


Innate Abilities, Weirdness & Mutations

You have very sharp teeth.
Your uncanny sense of smell can sniff out nearby items.
Your experience applies equally to all skills.


Message History

Aim: a death knight, wielding a +0 battleaxe and wearing a +0 chain mail (74% to hit)
The bolt of acid hits the death knight!!
The acid corrodes the death knight!
The death knight is moderately wounded.
The bolt of acid hits the slime creature!
The acid corrodes the slime creature!
The slime creature is moderately wounded.
The death knight closely misses you.
You can now deal lightning-fast blows.
The death knight hits you with a +0 battleaxe!!
You barely miss the death knight.
You bite the death knight, but do no damage.
The death knight is moderately wounded.
You barely miss the death knight.
The death knight is moderately wounded.
You barely miss the death knight. Your punch misses the death knight.
The death knight is moderately wounded.
You hit the death knight.
The death knight is moderately wounded.
The death knight hits you with a +0 battleaxe!!
You hit the death knight but do no damage.
The death knight is moderately wounded.
You hit the death knight.
The death knight is moderately wounded.
You puncture the death knight!
The death knight is heavily wounded.
You completely miss the death knight.
The death knight is heavily wounded.
You barely miss the death knight. Your bite misses the death knight.
The death knight is heavily wounded.
The death knight hits you with a +0 battleaxe!
* * * LOW HITPOINT WARNING * * *
You puncture the death knight!
The death knight is severely wounded.
You hit the death knight.
The death knight is severely wounded.
You hit the death knight.
The death knight is severely wounded.
The death knight hits you with a +0 battleaxe!!
You die...

#.####.#.'.#.⌠.#.⌠.#..._.#
.>.###...'..#.#.#.#.#.⌠.⌠#
.........#.⌠.#.⌠.#.⌠.#...#
.>..##.#.##.#.#.#.#.#.#.##
.#..##.#.###...#.⌠.#.⌠.##
##.......# ######.#.#.##
.........##############
######.#.......####
######..........@.#
...............##p#####.#.B.
#########..................#
# ##.#..####.#.........
########.#...# #.#.###p####
..#.....###..# #.#.#∆ ..
#.#.####.#.#.# #...# .#
.....<.......# #.... (#
....)######### #.#.# .


You could see a death knight (corroded).

Vanquished Creatures
  A hydra (D:10)
  2 ogre magi (D:10)
  A tengu warrior (D:10)
  4 two-headed ogres
  A yaktaur (D:10)
  An unseen horror (D:10)
  2 kobold demonologists
  2 trolls
  Grinder (D:4)
  A shadow (D:10)
  2 wraiths
  4 yaks (D:8)
  4 steam dragons (D:8)
  A vampire mosquito (D:10)
  Edmund (D:4)
  An acid dragon (D:10)
  Duvessa (D:7)
  An orc warrior (D:8)
  An ice beast (D:5)
  A hornet zombie (D:7)
  2 black bears
  3 sky beasts
  An ogre (D:7)
  A centaur (D:9)
  A kobold brigand (D:10)
  2 bullfrogs
  2 scorpions (D:5)
  Dowan (D:7)
  21 killer bees
  3 vampire bats (D:10)
  5 wights (D:9)
  5 howler monkeys
  A bullfrog zombie (D:6)
  3 centaur zombies
  A hound (D:5)
  2 gnoll shamans
  2 jellies
  2 orc priests
  A centaur skeleton (D:6)
  An iguana (D:5)
  A scorpion zombie (D:5)
  Ijyb (D:3)
  3 orc wizards
  A killer bee zombie (D:7)
  A centaur simulacrum (D:10)
  A hound zombie (D:5)
  A hound skeleton (D:5)
  9 gnolls
  8 adders
  A howler monkey skeleton (D:4)
  An ufetubus (D:5)
  2 worms (D:3)
  18 orcs
  7 ball pythons
  3 bats
  A bat skeleton (D:10)
  5 bat zombies (D:10)
  4 endoplasms
  7 giant cockroaches
  10 goblins
  8 hobgoblins
  3 jackals (D:3)
  8 kobolds
  2 quokkas
  2 frilled lizards
  10 rats
211 creatures vanquished.

Notes
Turn   | Place    | Note
-------+----------+-------------------------------------------
     0 | D:1      | jimonade the Gnoll Brigand began the quest for the Orb.
     0 | D:1      | Reached XP level 1. HP: 20/20 MP: 1/1
   152 | D:1      | Reached XP level 2. HP: 26/26 MP: 2/2
   783 | D:1      | Reached XP level 3. HP: 31/31 MP: 3/3
  1163 | D:2      | Found a glowing golden altar of the Shining One.
  1328 | D:2      | Reached skill level 1 in Invocations
  1346 | D:2      | Found Riosacuh's Magic Scroll Boutique.
  1349 | D:2      | Bought a scroll of identify for 20 gold pieces
  1819 | D:3      | Reached skill level 1 in Long Blades
  1819 | D:3      | Reached skill level 1 in Axes
  1819 | D:3      | Reached skill level 1 in Maces & Flails
  1819 | D:3      | Reached skill level 1 in Polearms
  1819 | D:3      | Reached skill level 1 in Staves
  1819 | D:3      | Reached skill level 1 in Slings
  1819 | D:3      | Reached skill level 1 in Bows
  1819 | D:3      | Reached skill level 1 in Crossbows
  1819 | D:3      | Reached skill level 1 in Armour
  1819 | D:3      | Reached skill level 1 in Shields
  1819 | D:3      | Reached skill level 1 in Unarmed Combat
  1819 | D:3      | Reached skill level 1 in Spellcasting
  1819 | D:3      | Reached skill level 1 in Evocations
  1819 | D:3      | Reached XP level 4. HP: 38/38 MP: 5/5
  2089 | D:3      | Reached skill level 1 in Conjurations
  2089 | D:3      | Reached skill level 1 in Hexes
  2089 | D:3      | Reached skill level 1 in Summonings
  2089 | D:3      | Reached skill level 1 in Necromancy
  2089 | D:3      | Reached skill level 1 in Translocations
  2089 | D:3      | Reached skill level 1 in Transmutations
  2089 | D:3      | Reached skill level 1 in Fire Magic
  2089 | D:3      | Reached skill level 1 in Ice Magic
  2089 | D:3      | Reached skill level 1 in Air Magic
  2089 | D:3      | Reached skill level 1 in Earth Magic
  2089 | D:3      | Reached skill level 1 in Poison Magic
  2206 | D:3      | Noticed Ijyb
  2245 | D:3      | Killed Ijyb
  2246 | D:3      | Reached XP level 5. HP: 31/43 MP: 5/7
  2331 | D:3      | Found a runed translucent door.
  2765 | D:4      | Found a bloodstained altar of Trog.
  2765 | D:4      | Found a shimmering altar of Xom.
  2818 | D:4      | Noticed Grinder
  2940 | D:4      | Killed Grinder
  2941 | D:4      | Reached skill level 5 in Fighting
  2941 | D:4      | Reached skill level 5 in Short Blades
  2941 | D:4      | Reached skill level 5 in Throwing
  2941 | D:4      | Reached skill level 8 in Stealth
  2941 | D:4      | Reached XP level 6. HP: 51/51 MP: 7/9
  3069 | D:4      | Noticed Edmund
  3096 | D:4      | Killed Edmund
  3097 | D:4      | Reached XP level 7. HP: 36/56 MP: 10/10
  3505 | D:5      | Entered Level 5 of the Dungeon
  3717 | D:5      | Reached XP level 8. HP: 45/63 MP: 12/12
  4061 | D:5      | Found a runed translucent door.
  4062 | D:5      | Noticed 0gre's ghost (novice GnIE)
  5647 | D:7      | Reached XP level 9. HP: 67/69 MP: 14/14
  5691 | D:7      | Noticed Duvessa
  5691 | D:7      | Noticed Dowan
  5700 | D:7      | Killed Dowan
  5703 | D:7      | Killed Duvessa
  5845 | D:7      | Found a transporter.
  5899 | D:7      | Found a staircase to the Ecumenical Temple.
  5924 | D:7      | Found a transporter.
  5926 | Temple   | Entered the Ecumenical Temple
  6043 | Temple   | Became a worshipper of Warmaster Okawaru
  6067 | D:7      | Noticed zeratav's ghost (novice MiBe)
  6140 | D:7      | Found a sacrificial altar of Ru.
  6202 | D:7      | Reached skill level 5 in Dodging
  6295 | D:7      | Reached skill level 9 in Stealth
  6836 | D:8      | Noticed a two-headed ogre
  6904 | D:8      | Identified the +6 broad axe of the Muttering Vulture
                  | {vorpal, *Noise rPois rF+++}
  6967 | D:8      | Reached * piety under Okawaru
  6968 | D:8      | Reached skill level 5 in Invocations
  7192 | D:8      | Reached XP level 10. HP: 57/77 MP: 17/17
  7196 | D:8      | Reached ** piety under Okawaru
  7201 | D:8      | Reached skill level 5 in Long Blades
  7201 | D:8      | Reached skill level 5 in Axes
  7201 | D:8      | Reached skill level 5 in Maces & Flails
  7201 | D:8      | Reached skill level 5 in Polearms
  7201 | D:8      | Reached skill level 5 in Staves
  7201 | D:8      | Reached skill level 5 in Slings
  7201 | D:8      | Reached skill level 5 in Bows
  7201 | D:8      | Reached skill level 5 in Crossbows
  7201 | D:8      | Reached skill level 5 in Armour
  7201 | D:8      | Reached skill level 5 in Shields
  7201 | D:8      | Reached skill level 5 in Unarmed Combat
  7201 | D:8      | Reached skill level 5 in Spellcasting
  7201 | D:8      | Reached skill level 5 in Evocations
  7548 | D:8      | Killed a two-headed ogre
  7730 | D:8      | Reached *** piety under Okawaru
  8234 | D:9      | Noticed a kobold demonologist
  8371 | D:9      | Noticed a smoke demon
  8376 | D:9      | Killed a kobold demonologist
  8471 | D:9      | Found Catti's Weapon Shoppe.
  8497 | D:9      | Noticed a two-headed ogre
  8505 | D:9      | Killed a two-headed ogre
  8910 | D:10     | Entered Level 10 of the Dungeon
  9086 | D:10     | Reached **** piety under Okawaru
  9087 | D:10     | Reached XP level 11. HP: 39/84 MP: 19/19
  9173 | D:10     | Noticed a two-headed ogre
  9271 | D:9      | Killed a two-headed ogre
  9381 | D:10     | Reached skill level 5 in Conjurations
  9381 | D:10     | Reached skill level 5 in Hexes
  9381 | D:10     | Reached skill level 5 in Summonings
  9381 | D:10     | Reached skill level 5 in Necromancy
  9381 | D:10     | Reached skill level 5 in Translocations
  9381 | D:10     | Reached skill level 5 in Transmutations
  9381 | D:10     | Reached skill level 5 in Fire Magic
  9381 | D:10     | Reached skill level 5 in Ice Magic
  9381 | D:10     | Reached skill level 5 in Air Magic
  9381 | D:10     | Reached skill level 5 in Earth Magic
  9381 | D:10     | Reached skill level 5 in Poison Magic
  9464 | D:10     | Reached skill level 10 in Stealth
  9587 | D:10     | Noticed an ogre mage
  9590 | D:10     | Noticed a boulder beetle
  9612 | D:10     | Noticed an eight-headed hydra
  9613 | D:10     | Paralysed by something for 4 turns
  9633 | D:10     | Paralysed by an ogre mage for 3 turns
  9636 | D:10     | Killed an eight-headed hydra
  9636 | D:10     | Received a gift from Okawaru
  9637 | D:10     | Noticed a tengu warrior
  9638 | D:10     | Killed an ogre mage
  9638 | D:10     | Received a gift from Okawaru
  9647 | D:10     | Killed a tengu warrior
  9657 | D:10     | Reached ***** piety under Okawaru
  9873 | D:10     | Noticed an ogre mage
  9909 | D:10     | Killed an ogre mage
  9936 | D:10     | Received a gift from Okawaru
  9971 | D:10     | Noticed a two-headed ogre
 10014 | D:10     | Killed a two-headed ogre
 10014 | D:10     | Received a gift from Okawaru
 10051 | D:10     | Identified the +3 hunting sling of Famine {speed, rF+ rN++
                  | Str-4 Stlth+}
 10051 | D:10     | Noticed an orc knight
 10051 | D:10     | Noticed a death knight
 10159 | D:10     | Found an ancient bone altar of Kikubaaqudgha.
 10219 | D:10     | Noticed a death knight
 10245 | D:10     | Mangled by a death knight

Illustrated notes

Levels and vault maps discovered:
D:1:      onia_arrival_mini_spirals, layout_loops_ring
D:2:      layout_basic, basic_altar, serial_shops, nicolae_shop_behind_doors,
          minmay_hexomino_f4
D:3:      layout_basic, chequers_serial_rivers_micro_a, minmay_misc_feat_doors,
          nicolae_concentric_dashed_squares_mild, chequers_arboretum,
          minivault_5, uniq_ijyb, uniq_crazy_yiuf_cottage
D:4:      layout_basic, chequers_temple_overflow_statue_of_worship,
          corexii_item_surrounded_by_moat, grunt_decor_junction, uniq_grinder,
          uniq_edmund
D:5:      layout_loops_ring, ebering_ghost_inner_flame
D:6:      layout_basic
D:7:      layout_basic, amcnicky_altar_gilded, minmay_temple_entry_statues,
          gammafunk_ghost_stat_death, nrook_campfire, uniq_duvessa
D:8:      layout_loops_cross, kennysheep_cross_bottleneck
D:9:      layout_basic, serial_shops, shop, enter_bailey_6
D:10:     minmay_the_grid_square_5x5_4x4
          [minmay_the_grid_square_5x5_beaten_path,
          minmay_the_grid_square_5x5_shrine2, minmay_the_grid_square_5x5_forky,
          minmay_the_grid_square_5x5_broken_cross,
          minmay_the_grid_square_5x5_eight_small,
          minmay_the_grid_square_5x5_prize_deathbox,
          minmay_the_grid_square_5x5_prize_pseudospiral,
          minmay_the_grid_square_5x5_gyroscope,
          minmay_the_grid_square_5x5_two_walls_a,
          minmay_the_grid_square_5x5_prize_gold,
          minmay_the_grid_square_5x5_prize_waves,
          minmay_the_grid_square_5x5_trominoes,
          minmay_the_grid_square_5x5_half_checkered,
          minmay_the_grid_square_5x5_slash, minmay_the_grid_square_5x5_moneybag,
          minmay_the_grid_square_5x5_inner_z], layout_loops_ring,
          kennysheep_vampire_church, minmay_misc_feat_tower
Temple:   mainiacjoe_temple_coin_purse

Skill      XL: |  1  2  3  4  5  6  7  8  9 10 11 |
---------------+----------------------------------+-----
Invocations    | 1 2 3 4 5 6 7 |  7.4
Long Blades    | 1 2 3 4 5 6 |  6.7
Axes           | 1 2 3 4 5 6 |  6.7
Maces & Flails | 1 2 3 4 5 6 |  6.7
Polearms       | 1 2 3 4 5 6 |  6.7
Staves         | 1 2 3 4 5 6 |  6.7
Slings         | 1 2 3 4 5 6 |  6.7
Bows           | 1 2 3 4 5 6 |  6.7
Crossbows      | 1 2 3 4 5 6 |  6.7
Armour         | 1 2 3 4 5 6 |  6.7
Shields        | 1 2 3 4 5 6 |  6.7
Unarmed Combat | 1 2 3 4 5 6 |  6.7
Spellcasting   | 1 2 3 4 5 6 |  6.7
Evocations     | 1 2 3 4 5 6 |  6.7
Conjurations   | 1 2 3 4 5 |  5.6
Hexes          | 1 2 3 4 5 |  5.6
Summonings     | 1 2 3 4 5 |  5.6
Necromancy     | 1 2 3 4 5 |  5.6
Translocations | 1 2 3 4 5 |  5.6
Transmutations | 1 2 3 4 5 |  5.6
Fire Magic     | 1 2 3 4 5 |  5.6
Ice Magic      | 1 2 3 4 5 |  5.6
Air Magic      | 1 2 3 4 5 |  5.6
Earth Magic    | 1 2 3 4 5 |  5.6
Poison Magic   | 1 2 3 4 5 |  5.6
Dodging        | 3 4 5 6 7 |  7.3
Fighting       | 5 6 7 8 |  8.2
Short Blades   | 5 6 7 8 |  8.2
Throwing       | 5 6 7 8 |  8.2
Stealth        | 8 9 10 | 10.3

Action                   |  1- 3 |  4- 6 |  7- 9 | 10-12 || total
-------------------------+-------+-------+-------+-------++-------
Melee: Dagger            |    75 |   166 |   458 |    96 ||   795
       Bite              |     6 |    18 |    61 |    51 ||   136
       Punch             |       |     3 |    21 |    14 ||    38
       Broad axe         |       |       |    35 |   194 ||   229
       Flail             |       |       |       |    30 ||    30
Throw: Dart              |     7 |    23 |     7 |    28 ||    65
Invok: Heroism           |       |       |       |     7 ||     7
       Finesse           |       |       |       |     3 ||     3
Evoke: Wand              |       |       |    13 |    14 ||    27
  Use: Scroll            |     1 |     1 |     3 |     2 ||     7
 Stab: Sleeping          |    17 |    10 |    12 |     1 ||    40
Armor: Robe              |     8 |    37 |    45 |       ||    90
       Leather armour    |       |       |    75 |       ||    75
       Ring mail         |       |       |     6 |       ||     6
       Chain mail        |       |       |    29 |   297 ||   326
       Troll leather arm |       |       |       |    17 ||    17
Dodge: Dodged            |    24 |    68 |   208 |   188 ||   488
